Losesalot, chaotic male human Priest -------- ------ #.......| --------- |.>...#########` #|.......# |.[!=?..| |....| #--------# -------- #%)%.[(!%| |&....# ## # |...`...# #--------- |....|# # # |......|# #### |....|# # # |......|# # ------# # # # -+-.----# # # --.---# # # # # # # #.....|# ###############%######### # # ###|....|# # # ### -.---.----# # # |.*..-) # ### # |........|# # ------ ### ------ # # ### |........|# ##.....| # ### ### # |........|# |....-###### #---.------------ ##.........|# |..<.| #|..............| |........-# --.--- #|........>.....| |........| # #...............| ---------- ---------------- Losesalot the Acolyte Experience level: 3 Strength: 9 Dexterity: 10 Constitution: 16 Intelligence: 14 Wisdom: 18 Charisma: 9 Health: 0(29) Energy: 37(38) Def: 7 Gold: 99 Moves: 816 Dungeon seed: JcPQLQIG_vFhy0UC Game ID: Losesalot_1521889807 Your Inventory: Coins $ - 99 gold pieces Weapons a - a blessed +1 mace (weapon in hand) Armor e - an uncursed +0 robe (being worn) n - an uncursed +0 small shield (being worn) q - an uncursed +0 pair of high boots (being worn) r - an uncursed +1 magical orcish helm (being worn) Comestibles c - 2 uncursed cloves of garlic d - an uncursed sprig of wolfsbane o - 2 uncursed lichen corpses t - an uncursed food ration u - 2 blessed tins of female goblin meat Spellbooks g - a blessed spellbook of remove curse Potions b - 3 potions of holy water i - an uncursed potion of speed j - a cursed potion of gain ability l - an uncursed potion of restore ability Rings k - an uncursed ring of invisibility (on left hand) Tools h - an uncursed oil lamp (0:1255) v - a blessed oil lamp (0:1096) Spells and supernatural/magical abilities: Name Level Category Cost Memory I - identify 2 divination 18pw 100% W - pray for help -- divine ? -- X - turn undead -- divine ? -- Your skills at the end: Fighting Skills wands [Basic] Weapon Skills mace [Basic] Spellcasting Skills clerical spells [Basic] Final Attributes: You were immune to electricity. You were invisible. You last prayed 26 turns ago. You are dead. Vanquished creatures: a little dog a coyote 4 jackals 2 goblins a sewer rat 4 lichens 6 newts 19 creatures vanquished. Voluntary challenges: You used a wielded weapon 19 times, starting on turn 3. You read items or engraved 6 times, starting on turn 775. You never genocided any monsters. You never polymorphed an object. You never changed form. You used no wishes. You never split a pudding. You never wrote Elbereth's name. You never violated your personal moral code. Dungeon overview: The Dungeons of Doom: levels 1 to 3 Level 1 a fountain, a vault a long staircase Level 2 <- You were here a general store a long staircase Level 3 a fountain History has recorded: On T:1 you entered the Dungeons of Doom to retrieve the Amulet of Yendor! On T:151 you reached level 2 of The Dungeons of Doom. On T:469 you advanced to experience level 2. On T:634 you reached level 3 of The Dungeons of Doom. On T:758 you advanced to experience level 3. Score breakdown: Gold: 99 ( 6803 points) Experience: 3 levels ( 7878 points) Exploration: 3 levels ( 5.88%) ( 6000 points) Discoveries: 4 items ( 1.33%) ( 3464 points) Valuables value: (no points given unless you survive) Artifact value: 0 ( 0 points) Variety of kills: 7 monsters ( 1.84%) ( 4071 points) Turncount: 816 turns ( 0 points) Survival: died (score multiplied by 80%) Total score: 22572 Latest messages: Gee! All of a sudden, you can't see yourself. You are now wearing a ring of invisibility. The djinni hits! (2x) You begin praying to Kos. You are surrounded by a shimmering light. The djinni starts to attack you, but pulls back. (3x) You feel that Kos is well-pleased. You feel much better. [3 turns] The djinni just misses! The djinni hits! You are now wielding your mace. The djinni misses. You miss the djinni. The djinni hits! You miss the djinni. The djinni hits! You miss the djinni. The djinni hits! You die... Final status: Goodbye Losesalot the Priest, killed by a djinni... You died in The Dungeons of Doom on dungeon level 2 with 22572 points, and 99 pieces of gold, after 816 moves. You were level 3 with a maximum of 29 hit points when you died.